 Dungeon Crawl Stone Soup version 0.29-a0-817-g9904bce7a6 (webtiles) character file.

Game seed: 9715908435363651007

16 gobodom the Grave Robber (level 2, -8/19 HPs)
             Began as a Demonspawn Necromancer on July 6, 2022.
             Killed by nerve-wracking pain
             ... invoked by Jessica
              (14 damage)
             ... on level 2 of the Dungeon.
             The game lasted 00:02:16 (1044 turns).

gobodom the Grave Robber (Demonspawn Necromancer)   Turns: 1044, Time: 00:02:17

Health: -8/19      AC:  2    Str:  8    XL:     2   Next: 37%
Magic:  5/5        EV: 12    Int: 16    God:
Gold:   15         SH:  0    Dex: 13    Spells: 4/5 levels left

rFire   . . .      SeeInvis .   (no weapon)
rCold   . . .      Faith    .   (no shield)
rNeg    . . .      Spirit   .   a - +0 robe
rPois   .          Reflect  .   (no helmet)
rElec   .          Harm     .   (no cloak)
rCorr   .          Rampage  .   (no gloves)
Will    .....                   (no boots)
Stlth   ++........              (no amulet)
HPRegen 0.06/turn               (no ring)
MPRegen 0.09/turn               (no ring)

@: no status effects
A: powered by pain 1
a: no special abilities


You were on level 2 of the Dungeon.
You visited 1 branch of the dungeon, and saw 2 of its levels.

You collected 15 gold pieces.

Inventory:

Armour
 a - a +0 robe (worn)
Jewellery
 e - an amulet of reflection
Scrolls
 g - a scroll of teleportation {unknown}
 h - a scroll of identify {unknown}
 i - a scroll of silence {unknown}
Potions
 b - a potion of magic
 c - 2 potions of brilliance {unknown}
 d - a potion of mutation {unknown}
 f - a potion of attraction {unknown}


   Skills:
 + Level 1.9 Dodging
 + Level 1.7 Stealth
 + Level 2.1 Spellcasting
 + Level 4.9 Necromancy


You had 4 spell levels left.
You knew the following spells:

 Your Spells              Type           Power      Damage    Failure   Level
a - Necrotise             Necr           68%        1d7       2%          1

Your spell library contained the following spells:

 Spells                   Type           Power      Damage    Failure   Level
 Vampiric Draining        Necr           17%        2d7       8%          3
 Animate Dead             Necr           17%        N/A       26%         4
 Agony                    Necr           17%        N/A       58%         5


Dungeon Overview and Level Annotations

Branches:
Dungeon (2/15)

Altars:

Shops:
D:2 [

Annotations:
D:2 Jessica


Innate Abilities, Weirdness & Mutations

You sometimes gain a little power by taking damage.


Message History

Your jackal skeleton closely misses the jackal.
Your frilled lizard skeleton closely misses the jackal.
You barely miss the jackal.
The jackal is heavily wounded.
The jackal misses you.
Your jackal skeleton bites the jackal.
You hit the jackal.
The jackal is almost dead.
The jackal closely misses you.
Your jackal skeleton bites the jackal but does no damage.
Your frilled lizard skeleton closely misses the jackal.
The jackal bites you.
You hit the jackal.
You kill the jackal!
Your jackal skeleton crumbles into dust!
Your frilled lizard skeleton crumbles into dust!
Magic restored.
HP restored.
A hobgoblin comes into view.
The hobgoblin shouts!
The hobgoblin writhes in agony.
You kill the hobgoblin!
The dead are walking!
You hear a shout!
Found a stone staircase leading down.
Your hobgoblin skeleton hits Jessica.
Jessica casts a spell at you. You resist with some effort.
Your hobgoblin skeleton barely misses Jessica.
Jessica writhes in agony.
Jessica writhes in agony.
Jessica points at you and mumbles some strange words.
Pain shoots through your body!
Ouch! That really hurt!
You focus on the pain.
You feel your power returning.
Your hobgoblin skeleton closely misses Jessica.
You are too injured to fight recklessly!
Jessica casts a spell at you. Pain shoots through your body!
Ouch! That really hurt!
You die...

##########......
##.##.......
#......##..##.......
#...##....###....... #..
##............. #..
#..............
#####.####..#####.......
###...........# #.......
..........@Z.## #.<.....
#...>..@...# #.......
#..........# #[......
#..........# ##......
############ ##.....
######


You could see Jessica (ally target) and a friendly hobgoblin skeleton.

Vanquished Creatures
  2 bats (D:1)
  An endoplasm (D:1)
  A hobgoblin (D:2)
  3 jackals (D:2)
  2 ball pythons (D:1)
  4 frilled lizards
  2 rats (D:1)
15 creatures vanquished.

Notes
Turn   | Place    | Note
-------+----------+-------------------------------------------
     0 | D:1      | gobodom the Demonspawn Necromancer began the quest for the
                  | Orb.
     0 | D:1      | Reached XP level 1. HP: 13/13 MP: 3/3
   613 | D:1      | Gained mutation: You sometimes gain a little power by
                  | taking damage. [demonic ancestry]
   613 | D:1      | Reached XP level 2. HP: 19/19 MP: 3/5
   636 | D:1      | Found a faded altar of an unknown god.
   885 | D:2      | Noticed Jessica
   885 | D:2      | Found Luqib's Armour Boutique.
  1044 | D:2      | Killed from afar by Jessica

Illustrated notes

Levels and vault maps discovered:
D:1:      minmay_arrival_radiant_lines, layout_loops_cross,
          dreamdust_ecumenical_altar_angels_and_demons
D:2:      layout_rooms, serial_shops, shop, uniq_jessica

Action                   || total
-------------------------++-------
Melee: Unarmed           ||    18
       Punch             ||     1
 Cast: Necrotise         ||    23
Armor: Robe              ||     6
Dodge: Dodged            ||    15

Table legend: (Time is in decaauts)
 A = Elapsed time spent in this place.
 B = Non-inter-level travel time spent in this place.
 C = Inter-level travel time spent in this place.
 D = Time resting spent in this place.
 E = Time spent auto-exploring this place.
 F = Levels seen in this place.
 G = Mean time per level.
                   A        B        C        D        E       F      G
               +--------+--------+--------+--------+--------+-----+--------+
         Total |   1044 |    928 |    116 |      0 |    803 |   2 |  522.0 |
       Dungeon |   1044 |    928 |    116 |      0 |    803 |   2 |  522.0 |
               +--------+--------+--------+--------+--------+-----+--------+

Top non-repeatable levels by time:
     D:1: 916 daAuts
     D:2: 127 daAuts
